 Dungeon Crawl Stone Soup version 0.17.0-28-g6e173f8 (webtiles) character file.

6915 Opium the Fighter (level 10, -11/94 HPs)
             Began as a Minotaur Gladiator on Dec 2, 2015.
             Was a Follower of Trog.
             Mangled by a yak (16 damage)
             ... on level 1 of the Lair of Beasts.
             The game lasted 01:28:56 (12644 turns).

Opium the Fighter (Minotaur Gladiator)             Turns: 12644, Time: 01:28:57

Health: -11/94     AC:  9    Str: 23    XL:     10   Next: 79%
Magic:  0/9        EV: 16    Int:  5    God:    Trog [*.....]
Gold:   316        SH:  6    Dex: 11    Spells: 0 memorised, 9 levels left

rFire  . . .     SeeInvis .     a - +1 trident
rCold  . . .     Clarity  .     p - +3 leather armour
rNeg   . . .     SustAt   .     r - +1 buckler
rPois  +         Gourm    .     c - +0 hat
rElec  .         Spirit   +     C - +0 cloak
rCorr  .         Warding  .     (no gloves)
rMut   .         Stasis   .     j - +0 pair of boots
MR     +....                    m - amulet of guardian spirit
Stlth  +.........               E - ring of poison resistance
                                w - ring of protection from magic

@: somewhat resistant to hostile enchantments, very unstealthy
A: retaliatory headbutt, horns 2
a: Berserk, Burn Spellbooks, Renounce Religion


You were on level 1 of the Lair of Beasts.
You worshipped Trog.
Trog was aware of your devotion.
You were not hungry.

You visited 2 branches of the dungeon, and saw 9 of its levels.

You collected 316 gold pieces.

Inventory:

Hand Weapons
 a - a +1 trident (weapon)
 d - a +1 vampiric trident
 x - a +5 dagger
 y - a +1 whip of flaming
 D - a +0 hunting sling
Missiles
 O - 8 tomahawks (quivered)
Armour
 b - a +0 leather armour
 c - a +0 hat (worn)
 j - a +0 pair of boots (worn)
 o - a cursed +0 naga barding
 p - a +3 leather armour (worn)
 r - a +1 buckler (worn)
 C - a +0 cloak (worn)
 K - a +0 shield
 L - a +0 crystal plate armour
Jewellery
 m - an amulet of guardian spirit (around neck)
 q - an uncursed ring of protection from fire
 w - a ring of protection from magic (left hand)
 E - a ring of poison resistance (right hand)
Wands
 A - a wand of random effects (23)
 F - a wand of polymorph (7)
 H - a wand of confusion (0)
 N - a wand of disintegration (0)
 R - a wand of random effects (36)
Scrolls
 g - 8 scrolls of remove curse
 l - a scroll of enchant armour
 s - 2 scrolls of magic mapping
 P - a scroll of identify
Potions
 h - 3 potions of cancellation
 k - a potion of might
 t - 4 potions of curing
 u - 2 potions of invisibility
 z - a potion of agility {unknown}
 B - a potion of resistance
 I - a potion of berserk rage
 J - a potion of mutation {unknown}
 M - a potion of brilliance {unknown}
 Q - a potion of flight {unknown}
Comestibles
 e - 6 bread rations
 f - a fruit
 i - 4 slices of pizza
 n - 10 beef jerkies
 v - 4 meat rations
 G - a royal jelly


   Skills:
 * Level 10.5 Fighting
 + Level 9.3 Polearms
 + Level 6.1 Throwing
 + Level 5.9 Armour
 + Level 9.5 Dodging
 + Level 5.4 Shields
 + Level 1.0 Evocations


You had 9 spell levels left.
You didn't know any spells.

Dungeon Overview and Level Annotations

Branches:
Dungeon (8/15)             Temple (0/1) D:5            Lair (1/8) D:8

Altars:
Makhleb
Qazlal
Sif Muna
Trog
Zin
The Shining One

Shops:
D:7 (   D:8 %


Innate Abilities, Weirdness & Mutations

You reflexively headbutt those who attack you in melee.
You have a pair of horns on your head.


Message History

The yak is moderately wounded.
The yak gores you!
* * * LOW HITPOINT WARNING * * *
You hit the yak. You headbutt the yak.
The yak is heavily wounded.
The yak gores you!
* * * LOW HITPOINT WARNING * * *
What do you say? t - Shout!
Orders for allies: a - Attack new target. r - Retreat! s - Stop attacking. w - Wait here. f - Follow me.
Anything else - Stay silent.
Okay, then.
Evoke which item? (* to show all) (? for menu, Esc to quit)
Zapping:
H - a wand of confusion {zapped: 14} (will waste charges)
Press: ? - help, Shift-Dir - straight line, f - yak
Aim: a yak (heavily wounded, chance to defeat MR: 48%) Nothing appears to happen.
The yak gores you!
You die...

#..# ###.## #.#..# #..##
### ######+.P# ########.###
#P.....†##
##..........########......#
†..[..........)##.##......#
###..........#YY@..#......#
#P.........######.'......#
#..........# ###....>.#
####.##.#### ####..##
###..# #..## ...## #..# .##
..## ..# ..#


You could see 2 yaks.

Vanquished Creatures
  Pikel (D:6)
  2 spiny frogs (Lair:1)
  Grinder (D:6)
  A two-headed ogre (D:8)
  A hippogriff (Lair:1)
  5 yaks
  Eustachio (D:6)
  2 hungry ghosts
  Edmund (D:6)
  A water moccasin (D:5)
  3 orc warriors
  A black bear (D:7)
  3 phantoms
  7 ogres
  3 ice beasts
  2 centaurs
  4 giant frogs
  2 big kobolds
  2 scorpions
  14 killer bees
  3 crimson imps
  2 jellies
  3 hounds
  2 centaur skeletons
  7 worker ants
  2 giant frog skeletons
  6 orc priests
  7 orc wizards
  3 iguanas
  A hound zombie (D:7)
  A worker ant zombie (D:6)
  3 gnolls (D:6)
  8 adders
  3 shadow imps
  2 adder skeletons (D:4)
  An adder zombie (D:8)
  3 worms
  6 giant geckos
  34 orcs
  7 bats
  4 giant cockroaches
  5 goblins
  13 hobgoblins
  15 jackals
  4 quokkas
  A ball python (D:1)
  A giant gecko skeleton (D:8)
  11 giant newts
  A jackal skeleton (D:4)
  A jackal zombie (D:5)
  16 kobolds
  18 rats
  A plant (Lair:1)
252 creatures vanquished.

Vanquished Creatures (others)
  5 fungi (Lair:1)
5 creatures vanquished.

Grand Total: 257 creatures vanquished

Notes
Turn   | Place    | Note
--------------------------------------------------------------
     0 | D:1      | Opium the Minotaur Gladiator began the quest for the Orb.
     0 | D:1      | Reached XP level 1. HP: 18/18 MP: 0/0
    35 | D:1      | Reached skill level 4 in Polearms
    77 | D:1      | Reached XP level 2. HP: 12/25 MP: 1/1
  1025 | D:1      | Reached XP level 3. HP: 25/30 MP: 0/2
  1069 | D:1      | Reached skill level 1 in Armour
  1918 | D:2      | Reached XP level 4. HP: 31/38 MP: 3/3
  3700 | D:4      | Reached XP level 5. HP: 43/45 MP: 4/4
  3711 | D:4      | Noticed a phantom
  4100 | D:4      | You fall through a shaft!
  4100 | D:5      | Entered Level 5 of the Dungeon
  4394 | D:5      | Noticed a water moccasin
  4419 | D:5      | Killed a water moccasin
  4419 | D:5      | Reached skill level 5 in Polearms
  4419 | D:5      | Reached skill level 1 in Shields
  4419 | D:5      | Reached XP level 6. HP: 52/52 MP: 3/5
  4724 | D:5      | Reached skill level 5 in Dodging
  4807 | D:4      | Noticed a phantom
  4820 | D:4      | Reached skill level 5 in Fighting
  4960 | D:4      | Killed a phantom
  4960 | D:4      | Reached XP level 7. HP: 28/61 MP: 3/6
  5775 | D:4      | Killed a phantom
  5775 | D:4      | Reached skill level 6 in Fighting
  5969 | D:5      | Found a deep blue altar of Sif Muna.
  6005 | D:5      | Reached XP level 8. HP: 69/71 MP: 7/7
  6257 | D:5      | Found a staircase to the Ecumenical Temple.
  6548 | D:5      | Noticed an ogre
  6554 | D:5      | Killed an ogre
  6580 | D:5      | Noticed an ice beast
  6591 | D:5      | Killed an ice beast
  6591 | D:5      | Reached skill level 7 in Fighting
  7225 | D:6      | Noticed Edmund
  7241 | D:6      | Killed Edmund
  7500 | D:6      | Reached XP level 9. HP: 77/81 MP: 6/8
  8789 | D:6      | Reached skill level 5 in Throwing
  8857 | D:6      | Found a glowing golden altar of the Shining One.
  8858 | D:6      | Found a stormy altar of Qazlal.
  8882 | D:6      | Noticed Grinder
  8899 | D:6      | Killed Grinder
  8899 | D:6      | Reached skill level 8 in Fighting
  8960 | D:6      | Noticed Eustachio
  8972 | D:6      | Killed Eustachio
  9123 | D:6      | Noticed Pikel
  9140 | D:6      | Killed Pikel
  9633 | D:7      | Reached skill level 1 in Evocations
  9683 | D:7      | Reached skill level 9 in Fighting
  9826 | D:7      | Reached skill level 5 in Armour
 10096 | D:7      | Found Timpaluro's Weapon Shop.
 10155 | D:7      | Reached XP level 10. HP: 76/91 MP: 7/9
 10304 | D:7      | Found a bloodstained altar of Trog.
 10330 | D:7      | Became a worshipper of Trog the Wrathful
 11021 | D:8      | Found a staircase to the Lair.
 11026 | D:8      | Reached * piety under Trog
 11028 | Lair:1   | Entered Level 1 of the Lair of Beasts
 11165 | D:8      | Found a burning altar of Makhleb.
 11183 | D:8      | Found Huorchikk's Food Shoppe.
 11711 | D:8      | Reached skill level 10 in Fighting
 11929 | D:8      | Reached skill level 5 in Shields
 12235 | D:8      | Found a glowing silver altar of Zin.
 12644 | Lair:1   | Mangled by a yak

Action                   |  1- 3 |  4- 6 |  7- 9 | 10-12 || total
-------------------------+-------+-------+-------+-------++-------
Melee: Trident           |    85 |   173 |   362 |   220 ||   840
Throw: Throwing net      |     7 |    18 |     5 |     2 ||    32
       Tomahawk          |       |     9 |    55 |    17 ||    81
Evoke: Wand              |       |     4 |     4 |     2 ||    10
  Use: Scroll            |     1 |     9 |     7 |     1 ||    18
       Potion            |       |     2 |     1 |       ||     3
 Stab: Confused          |       |     1 |       |       ||     1
       Held in net/web   |       |       |     2 |     1 ||     3
  Eat: Chunk             |     3 |     5 |     7 |       ||    15
       Fruit             |       |     2 |     4 |       ||     6
       Bread ration      |       |     1 |     2 |       ||     3
       Meat ration       |       |       |       |     2 ||     2
